Map: Daybreak LE (Void)

Players

Namshar

  • Race: Zerg Zerg
  • Spawn Location: 1:00

Nerchio - Winner!

  • Race: Zerg Zerg
  • Spawn Location: 7:00

Event: WESG 2016 Finals

VOD

Have the link to the VOD?

Description

Time

  • Played on: Jan. 13, 2017, 9:10 p.m.
  • Length: 8:23

All games in this series

Show
View Real Time Build Order
Export as new Build Order

Namshar Zerg 

Build Orders: Hatch First, Zergling Baneling 

Get SALT Encoding   

  12  0:00  Drone  
  13  0:13  Overlord  
  13  0:17  Drone  
  14  0:31  Drone x2  
  14  0:35  Drone  
  17  0:53  Hatchery  
  17  0:56  Drone  
  17  0:58  Drone  
  18  1:10  Extractor  
  17  1:14  Spawning Pool  
  17  1:17  Drone  
  17  1:20  Drone  
  18  1:28  Drone  
  19  1:39  Overlord  
  19  1:50  Drone  
  20  2:00  Drone, Queen  
  23  2:04  Queen  
  23  2:05  Drone  
  26  2:10  Metabolic Boost  
  26  2:11  Drone  
  27  2:16  Drone  
  27  2:22  Drone  
  29  2:27  Drone  
  30  2:31  Baneling Nest  
  30  2:33  Drone  
  30  2:37  Drone  
  31  2:47  Drone  
  31  2:49  Hatchery  
  31  2:56  Queen  
  33  3:00  Overlord  
  33  3:03  Drone  
  34  3:08  Drone x2  
  36  3:19  Zergling x6  
  39  3:21  Overlord  
  39  3:24  Drone x2  
  41  3:28  Drone x2  
  41  3:30  Drone  
  44  3:37  Baneling x3  
  44  3:38  Baneling  
  44  3:39  Zergling x2  
  45  3:42  Queen  
  45  3:46  Queen  
  49  3:56  Zergling x2  
  49  3:57  Zergling x4  
  51  4:08  Drone x2  
  52  4:19  Hatchery  
  52  4:20  Lair, Overlord  
  52  4:21  Drone  
  52  4:23  Overlord  
  52  4:24  Extractor  
  52  4:25  Extractor  
  52  4:27  Drone x2  
  52  4:28  Baneling  
  52  4:29  Baneling  
  52  4:35  Overlord  
  52  4:40  Baneling x2  
  52  4:42  Zergling x8  
  52  4:44  Baneling x2  
  56  4:52  Hatchery  
  56  4:58  Drone x5  
  56  4:59  Evolution Chamber, Drone, Roach Warren  
  59  5:05  Spine Crawler  
  58  5:20  Drone  
  59  5:26  Zerg Missile Weapons Level 1  
  59  5:30  Drone x7  
  66  5:40  Overlord  
  66  5:41  Drone x2  
  66  5:42  Drone, Glial Reconstitution  
  70  5:43  Drone  
  70  5:48  Extractor  
  70  5:54  Drone  
  70  5:55  Spire  
  70  5:56  Drone  
  71  6:06  Drone  
  70  6:19  Drone x2  
  70  6:20  Drone  
  70  6:22  Drone x4  
  70  6:23  Overlord x2  
  77  6:26  Roach  
  77  6:28  Roach  
  77  6:29  Roach  
  81  6:37  Roach x4  
  89  6:42  Extractor x2  
  89  6:43  Roach x4  
  89  6:45  Drone, Overlord x2  
  96  6:52  Overlord x2  
  96  6:59  Drone x2  
  98  7:03  Evolution Chamber, Drone  
  98  7:05  Drone x3  
  101  7:09  Mutalisk  
  101  7:10  Mutalisk x2  
  107  7:16  Overlord  
  107  7:23  Mutalisk x2  
  107  7:26  Hatchery  
  107  7:28  Mutalisk  
  112  7:32  Queen  
  114  7:44  Unknown  
  112  8:00  Drone  
  112  8:03  Drone x6  
  112  8:04  Hydralisk Den  
Show
View Real Time Build Order
Export as new Build Order

Nerchio Zerg - Winner!

Build Orders: Hatch First 

Get SALT Encoding   

  12  0:00  Drone  
  13  0:12  Overlord  
  13  0:17  Drone  
  14  0:30  Drone x2  
  14  0:34  Drone  
  17  0:53  Hatchery  
  17  0:56  Drone  
  17  1:00  Drone  
  18  1:08  Extractor  
  17  1:15  Spawning Pool  
  16  1:19  Drone  
  16  1:22  Drone  
  18  1:28  Drone  
  19  1:38  Drone  
  20  1:54  Hatchery  
  19  2:02  Drone  
  19  2:06  Queen  
  22  2:12  Metabolic Boost  
  22  2:16  Drone  
  22  2:19  Drone  
  22  2:22  Drone  
  25  2:27  Overlord  
  25  2:36  Queen  
  27  2:38  Drone  
  28  2:45  Drone  
  28  2:46  Drone  
  28  2:49  Overlord  
  30  2:52  Zergling x2  
  30  2:54  Zergling x2  
  30  2:56  Zergling x2  
  33  3:01  Zergling x2  
  33  3:05  Zergling x2  
  35  3:07  Zergling x2  
  35  3:09  Queen  
  35  3:12  Zergling x2  
  39  3:14  Zergling x2  
  39  3:16  Zergling x2  
  39  3:19  Zergling x2  
  42  3:20  Zergling x2  
  42  3:22  Zergling x2  
  42  3:26  Overlord  
  44  3:29  Zergling x2  
  45  3:36  Drone  
  45  3:37  Drone x2  
  45  3:41  Drone  
  49  3:46  Roach Warren  
  49  3:48  Drone  
  49  3:49  Drone  
  49  3:54  Overlord  
  42  4:07  Zergling x2  
  42  4:08  Zergling x12  
  45  4:14  Zergling x4  
  47  4:21  Drone x4  
  51  4:26  Roach x2  
  51  4:28  Roach  
  51  4:31  Roach  
  59  4:34  Overlord  
  59  4:37  Drone  
  60  4:40  Drone x2  
  60  4:44  Overlord  
  62  4:48  Overlord  
  60  4:53  Drone x3  
  60  4:54  Drone  
  60  4:56  Drone  
  60  4:57  Drone  
  60  4:58  Drone  
  67  5:01  Drone  
  67  5:06  Evolution Chamber, Extractor  
  66  5:08  Lair  
  65  5:14  Overlord x2  
  65  5:18  Drone x2  
  65  5:19  Drone  
  68  5:21  Drone, Extractor  
  68  5:22  Drone  
  68  5:24  Drone  
  68  5:25  Drone  
  68  5:26  Drone  
  72  5:29  Drone, Extractor  
  72  5:30  Drone  
  73  5:36  Drone, Zerg Missile Weapons Level 1  
  73  5:38  Drone x2  
  73  5:41  Extractor  
  73  5:42  Overlord  
  75  5:46  Roach x2  
  79  5:57  Roach  
  79  5:58  Roach x4  
  79  6:00  Overlord  
  89  6:09  Spire  
  88  6:15  Drone x7  
  88  6:16  Drone x2  
  96  6:21  Glial Reconstitution  
  96  6:24  Extractor, Drone x2  
  97  6:26  Overlord  
  97  6:30  Overlord  
  96  6:40  Zergling x12  
  96  6:47  Zergling x4  
  104  6:56  Hatchery  
  104  6:57  Drone  
  104  6:59  Overlord x2  
  104  7:05  Overseer  
  104  7:13  Drone x2  
  106  7:22  Mutalisk x7  
  108  7:25  Mutalisk  
  122  7:31  Mutalisk  
  124  7:38  Extractor, Mutalisk  
  124  7:47  Mutalisk  
  126  7:52  Mutalisk  
  126  7:56  Mutalisk  
  130  8:04  Zergling x6  
  130  8:05  Zergling x16  
Tags
 
Add a new tag
Caveats
  • Supply blocks, unpowered buildings, or Contaminate may cause inaccurate times.
  • Supply counts are checked every 10 seconds.